Map: Lost and Found LE

Players

SGRT - Winner!

  • Race: Zerg Zerg
  • League: Diamond
  • Spawn Location: 1:00

NESchess

  • Race: Terran Terran
  • League: Gold
  • Spawn Location: 7:00

VOD

Have the link to the VOD?

Description

Time

  • Played on: Aug. 16, 2018, 8:23 a.m.
  • Length: 14:35
Show
View Real Time Build Order
Export as new Build Order

SGRT Zerg - Winner!

Build Orders: Hatch First, Muta Ling Bane 

Get SALT Encoding   

  12  0:01  Drone  
  13  0:13  Overlord  
  13  0:23  Drone  
  14  0:33  Drone x2  
  16  0:39  Drone  
  17  1:03  Hatchery  
  17  1:04  Drone x2  
  17  1:08  Extractor  
  17  1:10  Drone  
  18  1:22  Spawning Pool  
  17  1:26  Drone  
  18  1:34  Drone  
  19  1:41  Overlord  
  19  2:03  Drone  
  19  2:04  Drone  
  21  2:10  Queen  
  21  2:15  Queen  
  25  2:16  Metabolic Boost  
  25  2:21  Zergling x4  
  27  2:31  Drone x2  
  27  2:34  Drone  
  30  2:44  Evolution Chamber  
  29  2:51  Overlord  
  28  3:01  Queen  
  30  3:06  Queen  
  30  3:09  Drone x3  
  30  3:10  Drone  
  36  3:15  Drone  
  37  3:20  Drone  
  38  3:41  Overlord, Drone x3  
  41  3:45  Hatchery  
  40  3:50  Baneling Nest  
  40  3:51  Zerg Melee Weapons Level 1  
  39  4:02  Zergling x10  
  44  4:03  Zergling x2  
  45  4:11  Zergling x2  
  45  4:15  Zergling x6  
  49  4:28  Zergling x2  
  49  4:29  Zergling x2  
  51  4:31  Zergling x2  
  51  4:35  Baneling x3  
  52  4:47  Overlord x2  
  52  4:51  Lair  
  48  5:07  Zergling x14  
  48  5:08  Zergling x6  
  48  5:12  Queen  
  59  5:16  Drone x3  
  62  5:24  Extractor  
  62  5:25  Extractor  
  62  5:26  Drone x3  
  63  5:38  Hatchery  
  62  5:44  Drone  
  62  5:45  Drone  
  62  5:46  Drone  
  62  5:47  Drone x7  
  72  5:51  Extractor  
  72  5:54  Centrifical Hooks  
  71  6:18  Overlord x4, Spire  
  70  6:31  Zerg Ground Armor Level 1  
  70  6:32  Overlord x2  
  70  6:48  Extractor  
  70  6:50  Extractor  
  70  6:53  Drone x3  
  70  6:54  Drone x7  
  74  6:56  Baneling x2  
  74  6:57  Baneling x5  
  78  7:03  Drone x3  
  78  7:08  Drone x5  
  86  7:15  Drone  
  86  7:16  Drone x2  
  89  7:33  Zergling x14  
  89  7:35  Drone x2  
  89  7:36  Drone  
  99  7:47  Queen  
  101  7:58  Mutalisk x7  
  101  7:59  Mutalisk  
  118  8:12  Drone  
  118  8:13  Drone  
  119  8:22  Infestation Pit  
  119  8:24  Hatchery  
  119  8:25  Evolution Chamber  
  86  8:52  Drone x6  
  86  8:53  Drone x5  
  96  8:58  Zergling x4  
  96  8:59  Zergling x14  
  96  9:02  Queen  
  107  9:09  Zergling x4  
  110  9:10  Zergling x4  
  111  9:19  Zergling x4  
  112  9:31  Hive  
  109  9:32  Zerg Ground Armor Level 2, Zerg Melee Weapons Level 2  
  109  9:38  Drone x2  
  111  9:46  Drone x7  
  111  9:47  Drone x2  
  111  9:49  Queen  
  122  9:56  Zergling x8  
  122  9:58  Overlord x4  
  126  10:12  Overlord x5  
  126  10:22  Extractor  
  126  10:23  Extractor  
  126  10:24  Overlord x4  
  126  10:25  Overlord x2  
  124  10:47  Ultralisk Cavern  
  124  10:49  Drone x3  
  126  10:52  Zergling x4  
  126  10:53  Zergling x16  
  126  10:54  Zergling x14  
  143  10:57  Baneling x4  
  143  10:58  Baneling  
  143  11:28  Baneling x4  
  143  11:36  Ultralisk  
  143  11:37  Ultralisk x8  
  164  11:56  Zergling x6  
  164  11:57  Zergling x38  
  164  11:58  Zergling x2  
  177  12:11  Zergling x14  
  177  12:12  Zergling x2  
  182  12:19  Chitinous Plating  
  182  12:31  Corruptor x3  
  182  12:35  Zergling x10  
  182  12:36  Zergling x2  
  194  12:44  Queen  
  196  13:09  Hatchery  
  195  13:41  Baneling x5  
  195  13:42  Baneling x8  
  195  13:43  Baneling x3  
  195  13:44  Zergling x8  
  195  13:45  Zergling x2  
  195  13:47  Baneling x5  
  195  13:48  Baneling x8  
  200  13:49  Baneling x2  
Show
View Real Time Build Order
Export as new Build Order

NESchess Terran 

Build Orders: MMM Bio 

Get SALT Encoding   

  12  0:00  SCV  
  13  0:12  SCV  
  14  0:17  Supply Depot  
  14  0:24  SCV  
  15  0:38  SCV  
  15  0:40  Barracks  
  16  0:46  Refinery  
  16  0:50  SCV  
  17  1:03  SCV  
  18  1:15  SCV  
  19  1:24  Refinery  
  19  1:27  SCV  
  19  1:29  Supply Depot  
  19  1:30  Reaper  
  21  1:39  SCV  
  22  1:51  SCV  
  23  2:00  Factory  
  23  2:15  SCV  
  23  2:21  Barracks  
  24  2:32  Orbital Command, Command Center  
  24  2:35  Barracks Reactor  
  24  2:43  Factory Tech Lab  
  24  3:01  SCV  
  24  3:04  Siege Tank  
  28  3:09  Supply Depot, Barracks Tech Lab  
  28  3:12  Marine  
  28  3:13  SCV  
  28  3:16  Marine  
  31  3:33  Engineering Bay  
  33  3:34  Marauder  
  33  3:35  Stimpack  
  33  3:36  Marine  
  34  3:43  Siege Tank  
  37  3:53  Marine x2  
  39  4:05  Marauder  
  41  4:12  Terran Infantry Weapons Level 1  
  41  4:14  Marine x2  
  41  4:15  Starport  
  43  4:22  Orbital Command  
  43  4:23  SCV  
  44  4:29  Marauder  
  46  4:33  Marine  
  46  4:34  Marine  
  48  4:42  Siege Tank  
  51  4:49  SCV  
  51  4:50  SCV  
  51  4:51  Marine  
  54  5:04  Marine  
  44  5:12  Marine  
  42  5:14  Siege Tank  
  42  5:16  Starport Reactor  
  42  5:17  Marauder  
  42  5:20  SCV  
  48  5:21  SCV  
  48  5:22  Marine  
  50  5:30  Supply Depot  
  50  5:32  SCV  
  50  5:33  SCV  
  52  5:42  Marauder  
  54  5:51  Marine x2  
  54  5:52  Supply Depot, SCV x2, Medivac  
  60  5:57  Medivac  
  60  6:03  Refinery  
  62  6:07  Refinery  
  62  6:14  Marauder, SCV x2  
  66  6:23  Supply Depot  
  66  6:26  SCV x2  
  66  6:27  Liberator  
  66  6:29  Marine x2, Command Center  
  70  6:43  Combat Shield  
  70  6:44  Marauder, SCV x2  
  77  6:49  Liberator  
  77  6:50  Marine x2  
  77  6:54  Terran Infantry Armor Level 1  
  79  6:56  SCV x2  
  79  6:58  Supply Depot  
  81  7:06  Marauder  
  86  7:19  SCV x2, Marine x2  
  90  7:23  Liberator  
  90  7:24  Engineering Bay  
  90  7:26  Supply Depot  
  90  7:27  Marauder  
  92  7:31  SCV  
  92  7:35  Barracks  
  93  7:37  Marine  
  93  7:40  Marine  
  93  7:41  Siege Tank  
  101  7:49  Marauder  
  103  7:55  Marine  
  103  7:58  Marine  
  105  8:03  Planetary Fortress  
  105  8:17  SCV  
  106  8:20  SCV  
  107  8:29  SCV  
  107  8:32  SCV  
  109  8:39  Missile Turret  
  109  8:41  Missile Turret, SCV  
  99  8:42  Liberator x2  
  99  8:44  SCV  
  99  8:45  Missile Turret  
  90  8:53  Armory, SCV  
  90  8:55  Marine x3  
  88  8:56  Missile Turret, SCV  
  88  8:57  Barracks Reactor  
  88  9:01  Missile Turret, SCV  
  99  9:05  Missile Turret, SCV  
  99  9:06  Missile Turret  
  100  9:13  SCV, Marine x3  
  104  9:25  SCV  
  104  9:26  Missile Turret  
  104  9:30  Missile Turret  
  104  9:31  SCV, Marine x2  
  107  9:32  Marauder  
  107  9:34  Marine x2  
  107  9:37  SCV  
  113  9:43  SCV  
  113  9:44  SCV  
  115  9:46  Supply Depot  
  115  9:47  Supply Depot, Terran Vehicle Weapons Level 1  
  115  9:49  Terran Infantry Weapons Level 2, Marine x2  
  115  9:51  Terran Infantry Armor Level 2  
  117  9:58  Refinery  
  117  10:01  Supply Depot  
  117  10:02  Refinery  
  117  10:07  SCV x2, Marine x4  
  117  10:08  Thor  
  117  10:09  Marauder, Supply Depot  
  117  10:10  Supply Depot  
  117  10:11  Medivac  
  133  10:15  Supply Depot  
  133  10:22  SCV x2, Medivac  
  133  10:25  Marine  
  138  10:30  Marauder, Marine x2  
  138  10:32  Marine  
  138  10:34  SCV x2  
  138  10:35  Liberator  
  145  10:41  Medivac  
  147  10:43  Marine  
  147  10:48  Marine x2  
  150  10:50  Marine  
  150  10:51  Marauder, Thor  
  162  10:57  Concussive Shells  
  162  11:00  Supply Depot  
  162  11:12  Supply Depot  
  162  11:13  Marauder  
  162  11:14  Marine  
  165  11:21  Marine x3  
  165  11:25  Command Center  
  168  11:32  Marine  
  169  11:34  Marauder, Thor  
  169  11:39  Marine x3  
  131  11:56  Marauder  
  105  12:13  Marine x2  
  105  12:14  Marine x2  
  105  12:17  Marauder  
  105  12:22  Barracks  
  106  12:25  Barracks  
  106  12:26  Hellbat  
  108  12:31  Factory, Marine x3  
  108  12:32  Marine  
  108  12:33  Factory  
  112  12:38  Marauder  
  114  12:48  Hellbat  
  114  12:49  Marine x4  
  120  12:51  Medivac  
  120  12:52  Medivac  
  124  13:00  Marauder  
  124  13:04  Thor  
  122  13:08  Marine  
  122  13:09  Hellbat, Marine x3  
  128  13:14  Infernal Pre-Igniter  
  128  13:21  Marauder, Factory Reactor, Medivac  
  128  13:22  Medivac  
  128  13:26  Marine  
  128  13:27  Marine  
  135  13:28  SCV  
  135  13:30  Marine, Hellbat  
  135  13:31  Factory Reactor, Marine  
  141  13:36  Barracks Tech Lab  
  141  13:37  Barracks Tech Lab  
  141  13:40  SCV  
  138  13:43  Marauder  
  138  13:44  Marine x2  
  142  13:48  Marine x2  
  142  13:51  Medivac  
  142  13:52  SCV, Hellbat, Medivac  
  151  13:56  Marauder x2  
  151  14:02  Marine x2  
  156  14:04  Marauder  
  156  14:06  Marine x2  
  156  14:07  Hellion x2  
  156  14:09  Hellion  
  167  14:12  Hellion  
  169  14:20  Supply Depot  
Tags
 
Add a new tag
Caveats
  • Supply blocks, unpowered buildings, or Contaminate may cause inaccurate times.
  • Supply counts are checked every 10 seconds.